 Dungeon Crawl Stone Soup version 0.27.0-1-g7a089689b8 (webtiles) character file.

Game seed: 10076005051089802610

6 wakim the Grave Robber (level 1, -1/13 HPs)
             Began as a Gnoll Wanderer on Aug 8, 2021.
             Slain by a hobgoblin (3 damage)
             ... on level 1 of the Dungeon.
             The game lasted 00:01:15 (359 turns).

wakim the Grave Robber (Gnoll Wanderer)              Turns: 359, Time: 00:01:16

Health: -1/13      AC:  2    Str: 10    XL:     1   Next: 90%
Magic:  1/6        EV: 11    Int: 13    God:
Gold:   34         SH:  0    Dex: 10    Spells: 8/9 levels left

rFire    . . .     SeeInvis .   a - +0 club
rCold    . . .     Faith    .   (no shield)
rNeg     . . .     Spirit   .   b - +0 robe
rPois    .         Reflect  .   (no helmet)
rElec    .         Harm     .   (no cloak)
rCorr    .         Rampage  .   (no gloves)
Will     .....                  (no boots)
Stlth    ++........             (no amulet)
HPRegen  0.04/turn              (no ring)
MPRegen  0.10/turn              (no ring)

@: very slightly contaminated
A: fangs 1, strong nose, distributed training
a: no special abilities


You were on level 1 of the Dungeon.
You visited 1 branch of the dungeon, and saw 1 of its levels.

You collected 34 gold pieces.

Inventory:

Hand Weapons
 a - a +0 club (weapon)
Armour
 b - a +0 robe (worn)
Scrolls
 c - a scroll of immolation {unknown}
Potions
 F - a potion of curing


   Skills:
 + Level 0.2 Fighting
 + Level 0.2 Short Blades
 + Level 0.2 Long Blades
 + Level 0.2 Axes
 + Level 0.2 Maces & Flails
 + Level 0.2 Polearms
 + Level 0.2 Staves
 + Level 0.2 Slings
 + Level 0.2 Bows
 + Level 0.2 Crossbows
 + Level 0.2 Throwing
 + Level 0.2 Armour
 + Level 0.2 Dodging
 + Level 2.2 Stealth
 + Level 2.4 Shields
 + Level 0.2 Unarmed Combat
 + Level 4.9 Spellcasting
 + Level 0.1 Conjurations
 + Level 0.1 Hexes
 + Level 0.1 Summonings
 + Level 7.0 Necromancy
 + Level 0.1 Translocations
 + Level 0.1 Transmutations
 + Level 0.1 Fire Magic
 + Level 3.6 Ice Magic
 + Level 0.1 Air Magic
 + Level 0.1 Earth Magic
 + Level 0.1 Poison Magic
 + Level 0.3 Invocations
 + Level 0.2 Evocations


You had 8 spell levels left.
You knew the following spells:

 Your Spells              Type           Power      Damage    Failure   Level
a - Pain                  Necr           84%        1d8       1%          1

Your spell library contained the following spells:

 Spells                   Type           Power      Damage    Failure   Level
 Animate Skeleton         Necr           42%        N/A       1%          1
 Vampiric Draining        Necr           10%        2d7       3%          3
 Animate Dead             Necr           10%        N/A       11%         4
 Apportation              Tloc           6%         N/A       19%         1
 Agony                    Necr           21%        N/A       28%         5
 Lesser Beckoning         Tloc           1%         N/A       47%         3


Dungeon Overview and Level Annotations

Branches:
Dungeon (1/15)

Altars:


Innate Abilities, Weirdness & Mutations

You have very sharp teeth.
Your uncanny sense of smell can sniff out nearby items.
Your experience applies equally to all skills.


Message History

Aim: a jackal (heavily wounded, chance to affect: 91%)
Okay, then.
The kobold throws a stone.
The stone closely misses you.
The kobold throws a stone.
The stone hits you but does no damage.
You enter the shallow water.
Moving in this stuff is going to be slow.
You enter the shallow water.
Moving in this stuff is going to be slow.
The jackal bites you but does no damage.
The jackal bites you.
* * * LOW HITPOINT WARNING * * *
Casting: Pain (safe; 1% risk of failure)
Confirm with . or Enter, or press ? or * to list all spells.
Aiming: Pain (safe; 1% risk of failure)
Press: ? - help, Shift-Dir - straight line, f/p - kobold
Aim: a kobold, wielding a +0 short sword and quivering stones (heavily wounded, chance to affect: 91%)
The jackal writhes in agony.
You kill the jackal!
Casting: Pain (safe; 1% risk of failure)
Confirm with . or Enter, or press ? or * to list all spells.
Aiming: Pain (safe; 1% risk of failure)
Press: ? - help, Shift-Dir - straight line, f/p - kobold
Aim: a kobold, wielding a +0 short sword and quivering stones (heavily wounded, chance to affect: 91%)
You miscast Pain.
You are very lightly contaminated with residual magic.
Nothing appears to happen.
The hobgoblin misses you.
Casting: Pain (safe; 1% risk of failure)
Confirm with . or Enter, or press ? or * to list all spells.
Aiming: Pain (safe; 1% risk of failure)
Press: ? - help, Shift-Dir - straight line, f/p - kobold
Aim: a kobold, wielding a +0 short sword and quivering stones (heavily wounded, chance to affect: 91%)
Okay, then.
Unknown command.
You closely miss the hobgoblin. Your bite misses the hobgoblin.
The hobgoblin hits you.
* * * LOW HITPOINT WARNING * * *
You closely miss the hobgoblin. Your bite misses the hobgoblin.
The hobgoblin splashes around in the water.
You closely miss the hobgoblin. The hobgoblin hits you.
You die...

#....###### ♣.♣♣......#
####### ♣≈P♣#####.##
#>....♣ ♣≈♣♣♣......## .
#.###♣♣ ♣≈♣♣♣.......#. ..
#.#♣♣♣♣♣♣≈.♣♣♣♣♣#...#....
#..P♣♣≈♣.≈≈≈≈♣♣♣#...#....
#....≈≈≈.≈≈≈..≈......#+#
#.#♣..P♣.@.P≈♣♣P...#.#.#
#.#♣♣♣♣♣♣g♣♣♣♣♣♣#..#.#.#
#.# ♣♣K≈♣#♣♣....#.#.# #.#
♣P≈♣♣#....#.#...#
#.#####♣..≈♣.......##..###
#......♣≈.♣♣..............
#.........###....####..###
#.........# ###### #..#
#.........# ##.##


You could see a hobgoblin and a kobold.

Vanquished Creatures
  A bat (D:1)
  An endoplasm (D:1)
  2 jackals (D:1)
  A kobold (D:1)
5 creatures vanquished.

Notes
Turn   | Place    | Note
-------+----------+-------------------------------------------
     0 | D:1      | wakim the Gnoll Wanderer began the quest for the Orb.
     0 | D:1      | wakim set off with the following items: a +0 club, a +0
                  | robe, a potion of curing; and the following spells
                  | available to memorise: Animate Skeleton, Pain, Vampiric
                  | Draining, Animate Dead, Apportation, Agony, Lesser
                  | Beckoning
     0 | D:1      | Reached XP level 1. HP: 13/13 MP: 6/6
     2 | D:1      | Learned a level 1 spell: Pain
     4 | D:1      | Noticed a demigod
     4 | D:1      | Noticed a palentonga
     6 | D:1      | Noticed a demonspawn
     6 | D:1      | Noticed a minotaur
     8 | D:1      | Noticed a vampire
     8 | D:1      | Noticed a ghoul
    18 | D:1      | Noticed an elf
    18 | D:1      | Noticed an ogre
    20 | D:1      | Noticed a merfolk
    20 | D:1      | Noticed a spriggan
    22 | D:1      | Noticed a vine stalker
    22 | D:1      | Noticed a barachi
    24 | D:1      | Noticed a dwarf
    24 | D:1      | Noticed a gargoyle
    26 | D:1      | Noticed a tengu
    26 | D:1      | Noticed a djinni
    28 | D:1      | Noticed a draconian
    28 | D:1      | Noticed a troll
    30 | D:1      | Noticed an octopode
    30 | D:1      | Noticed a human
    32 | D:1      | Noticed a formicid
    32 | D:1      | Noticed a naga
    34 | D:1      | Noticed a felid
   359 | D:1      | Slain by a hobgoblin

Illustrated notes

Levels and vault maps discovered:
D:1:      kb_arrival_jail, layout_basic, serial_bayou_crossing

Action                   || total
-------------------------++-------
Melee: Club              ||     5
 Cast: Pain              ||    12
Armor: Robe              ||     3
Dodge: Dodged            ||     7
